 Dungeon Crawl Stone Soup version 0.27.1-1-g398f81649c (webtiles) character file.

Game seed: 11618107754360652150

18 Rickety the Sneak (level 2, -1/13 HPs)
             Began as a Spriggan Enchanter on Sept 15, 2021.
             Slain by a kobold (5 damage)
             ... on level 2 of the Dungeon.
             The game lasted 00:02:23 (1189 turns).

Rickety the Sneak (Spriggan Enchanter)              Turns: 1189, Time: 00:02:24

Health: -1/13      AC:  2    Str:  4    XL:     2   Next: 51%
Magic:  3/6        EV: 17    Int: 16    God:
Gold:   31         SH:  0    Dex: 15    Spells: 3/6 levels left

rFire    . . .     SeeInvis +   a - +1 dagger
rCold    . . .     Faith    .   (shield restricted)
rNeg     . . .     Spirit   .   b - +0 robe
rPois    .         Reflect  .   (helmet restricted)
rElec    .         Harm     .   (no cloak)
rCorr    .         Rampage  .   (gloves unavailable)
Will     .....                  (boots unavailable)
Stlth    +++.......             (no amulet)
HPRegen  0.04/turn              (no ring)
MPRegen  0.10/turn              (no ring)

@: very quick
A: very small, no large weapons, unfitting armour, see invisible, speed 3
a: no special abilities


You were on level 2 of the Dungeon.
You visited 1 branch of the dungeon, and saw 2 of its levels.

You collected 31 gold pieces.

Inventory:

Hand Weapons
 a - a +1 dagger (weapon)
Armour
 b - a +0 robe (worn)
Scrolls
 c - 3 scrolls of enchant armour {unknown}
 d - a scroll of magic mapping {unknown}
 e - 2 scrolls of identify {unknown}
 f - 2 scrolls of blinking {unknown}


   Skills:
 + Level 0.1 Fighting
 + Level 1.1 Short Blades
 + Level 2.9 Dodging
 * Level 5.0 Stealth
 + Level 2.7 Spellcasting
 + Level 4.2 Hexes


You had 3 spell levels left.
You knew the following spells:

 Your Spells              Type           Power      Damage    Failure   Level
a - Corona                Hex            16%        N/A       3%          1
b - Ensorcelled Hibernat  Hex/Ice        16%        N/A       12%         2

Your spell library contained the following spells:

 Spells                   Type           Power      Damage    Failure   Level
 Confusing Touch          Hex            15%        N/A       11%         3
 Tukima's Dance           Hex            15%        N/A       11%         3
 Dazzling Flash           Conj/Hex       16%        N/A       24%         3
 Malign Gateway           Summ/Tloc      1%         N/A       100%        7
 Summon Horrible Things   Summ           1%         N/A       100%        8


Dungeon Overview and Level Annotations

Branches:
Dungeon (2/15)

Altars:


Innate Abilities, Weirdness & Mutations

You are very small and have problems with some larger weapons.
You are too small for most types of armour.
You have supernaturally acute eyesight. (SInv)
You cover ground extremely quickly. (Speed+++)


Message History

You closely miss the kobold.
The kobold shouts!
The kobold closely misses you.
You hit the kobold.
The kobold is severely wounded.
The kobold barely misses you.
Casting: Ensorcelled Hibernation (safe; 12% risk of failure)
Confirm with . or Enter, or press ? or * to list all spells.
Aiming: Ensorcelled Hibernation (safe; 12% risk of failure)
Press: ? - help, Shift-Dir - straight line The kobold looks drowsy...
The kobold hits you with a +0 whip.
You barely miss the kobold.
The kobold is severely wounded.
The kobold barely misses you.
The helpless kobold fails to defend itself.
You impale the kobold!!
You kill the kobold!
The kobold hits you with a +0 whip.
You hit the kobold but do no damage.
The kobold is severely wounded.
The kobold hits you with a +0 whip.
You hit the kobold but do no damage.
The kobold is severely wounded.
The kobold hits you with a +0 whip.
You completely miss the kobold.
The kobold is severely wounded.
The kobold barely misses you.
Casting: Ensorcelled Hibernation (safe; 12% risk of failure)
Confirm with . or Enter, or press ? or * to list all spells.
Aiming: Corona (safe; 3% risk of failure)
Press: ? - help, Shift-Dir - straight line, f - kobold
Aim: a kobold, wielding a +0 whip (severely wounded, chance to affect: 69%)
The kobold is outlined in light.
The kobold misses you.
You hit the kobold but do no damage.
The kobold is severely wounded.
The kobold closely misses you.
You hit the kobold but do no damage.
The kobold is severely wounded.
The kobold hits you with a +0 whip.
You die...

##...#...## #..
##.........## .....#
#...........#....... #
#................... ..
#................... ...
#..?......###.....# ....
#.....<.....#..... .....
#..)#######......
......####K@.###### ...
.......<.....##...## ....
...!........##.....###....
######....................
.....###.....<...........
...#####.#...............
... #..............#....
.... ..#.#........###.#..
....#
####.#............###


You could see a kobold (corona).

Vanquished Creatures
  A ball python (D:1)
  A bat (D:1)
  2 endoplasms
  A giant cockroach (D:1)
  A goblin (D:1)
  2 hobgoblins
  4 kobolds
  A frilled lizard (D:1)
  4 rats
17 creatures vanquished.

Notes
Turn   | Place    | Note
-------+----------+-------------------------------------------
     0 | D:1      | Rickety the Spriggan Enchanter began the quest for the Orb.
     0 | D:1      | Reached XP level 1. HP: 9/9 MP: 5/5
   345 | D:1      | Reached XP level 2. HP: 10/13 MP: 6/6
   348 | D:1      | Learned a level 2 spell: Ensorcelled Hibernation
  1145 | D:2      | Reached skill level 5 in Stealth
  1189 | D:2      | Slain by a kobold

Illustrated notes

Levels and vault maps discovered:
D:1:      giann_horns, layout_loops_ring, minmay_misc_feat_ornament,
          st_stairs_14
D:2:      layout_rooms, chequers_ecumenical_altar_simple, st_stairs_4

Skill      XL: |  1  2 |
---------------+-------+-----
Hexes          | 4 |  4.2
Stealth        | 5 |  5.0
Fighting       | |  0.1
Short Blades   | |  1.1
Dodging        | |  2.9
Spellcasting   | |  2.7

Action                   || total
-------------------------++-------
Melee: Dagger            ||    64
 Cast: Corona            ||    11
       Ensorcelled Hiber ||     4
 Stab: Sleeping          ||     7
Armor: Robe              ||     8
Dodge: Dodged            ||    42
